Map: Lerilak Crest

Players

imData - Winner!

  • Race: Protoss Protoss
  • League: Master

MjK

  • Race: Protoss Protoss
  • League: Master

VOD

Have the link to the VOD?

Description

Time

  • Played on: April 13, 2016, 4:47 p.m.
  • Length: 9:18
Show
View Real Time Build Order
Export as new Build Order

imData Protoss - Winner!

Build Orders:  

Get SALT Encoding   

  12  0:01  Probe (Chrono Boost)  
  13  0:11  Probe (Chrono Boost)  
  14  0:19  Pylon  
  14  0:22  Probe (Chrono Boost)  
  15  0:37  Gateway, Probe (Chrono Boost)  
  16  0:47  Probe (Chrono Boost)  
  16  0:49  Assimilator  
  17  0:53  Assimilator  
  17  0:58  Probe (Chrono Boost)  
  18  1:08  Probe (Chrono Boost)  
  18  1:10  Gateway  
  19  1:19  Probe (Chrono Boost)  
  20  1:26  Cybernetics Core  
  20  1:30  Probe (Chrono Boost)  
  21  1:40  Probe (Chrono Boost)  
  21  1:43  Pylon  
  22  1:51  Probe (Chrono Boost)  
  23  2:02  Stalker x2  
  27  2:11  Mothership Core (Chrono Boost)  
  29  2:18  Warp Gate (Chrono Boost)  
  29  2:29  Pylon  
  29  2:32  Stalker  
  31  2:47  Stalker  
  31  2:48  Probe  
  33  3:19  Pylon  
  32  3:29  Probe (Chrono Boost)  
  32  3:35  Nexus  
  32  3:39  Twilight Council  
  32  3:40  Probe (Chrono Boost)  
  33  3:44  Pylon  
  33  3:51  Probe (Chrono Boost)  
  34  4:10  Gateway  
  34  4:11  Gateway  
  34  4:15  Blink (Chrono Boost)  
  34  4:16  Probe  
  29  4:33  Probe (Chrono Boost)  
  29  4:45  Probe (Chrono Boost)  
  30  4:48  Probe (Chrono Boost)  
  31  4:55  Probe (Chrono Boost)  
  32  5:01  Probe (Chrono Boost)  
  32  5:06  Probe (Chrono Boost)  
  34  5:11  Probe (Chrono Boost)  
  35  5:16  Probe (Chrono Boost)  
  36  5:22  Pylon, Probe (Chrono Boost)  
  36  5:27  Probe (Chrono Boost)  
  38  5:32  Probe (Chrono Boost)  
  39  5:37  Probe (Chrono Boost)  
  40  5:43  Probe (Chrono Boost)  
  40  5:44  Dark Shrine  
  40  5:48  Probe (Chrono Boost)  
  40  5:49  Stalker  
  42  5:55  Stalker  
  44  5:58  Probe (Chrono Boost)  
  44  6:01  Probe (Chrono Boost)  
  46  6:06  Stalker  
  48  6:14  Probe (Chrono Boost)  
  48  6:15  Probe (Chrono Boost)  
  50  6:18  Gateway  
  50  6:25  Probe x2 (Chrono Boost)  
  52  6:29  Stalker  
  54  6:35  Probe (Chrono Boost)  
  54  6:36  Probe (Chrono Boost)  
  54  6:46  Assimilator, Probe x2 (Chrono Boost)  
  56  6:49  Assimilator  
  56  6:56  Dark Templar x2  
  56  6:57  Probe (Chrono Boost)  
  56  6:58  Dark Templar  
  58  7:11  Stalker  
  58  7:15  Probe x2 (Chrono Boost)  
  59  7:25  Probe x2 (Chrono Boost)  
  61  7:36  Probe x2 (Chrono Boost)  
  61  7:39  Dark Templar x2  
  61  7:40  Dark Templar  
  67  7:46  Probe (Chrono Boost)  
  67  7:47  Probe (Chrono Boost)  
  69  7:57  Probe (Chrono Boost)  
  70  8:02  Pylon  
  70  8:05  Pylon  
  70  8:08  Pylon x2  
  70  8:13  Probe x2 (Chrono Boost)  
  68  8:24  Probe x2 (Chrono Boost)  
  70  8:34  Probe x2 (Chrono Boost)  
  70  8:35  Stalker x5  
  82  8:45  Probe (Chrono Boost)  
  79  8:52  Gateway  
  79  8:59  Stalker x5  
Show
View Real Time Build Order
Export as new Build Order

MjK Protoss 

Build Orders: Oracle Opening, Phoenix Opening 

Get SALT Encoding   

  12  0:01  Probe (Chrono Boost)  
  13  0:11  Probe (Chrono Boost)  
  14  0:20  Pylon  
  14  0:22  Probe (Chrono Boost)  
  15  0:38  Probe (Chrono Boost)  
  15  0:42  Gateway  
  16  0:49  Probe (Chrono Boost)  
  17  0:54  Gateway  
  17  0:59  Probe (Chrono Boost)  
  17  1:01  Assimilator  
  18  1:10  Probe (Chrono Boost)  
  19  1:11  Assimilator  
  19  1:21  Probe (Chrono Boost)  
  20  1:29  Cybernetics Core  
  20  1:31  Probe (Chrono Boost)  
  21  1:34  Pylon  
  21  1:42  Probe (Chrono Boost)  
  22  1:52  Probe (Chrono Boost)  
  23  2:05  Mothership Core (Chrono Boost)  
  23  2:06  Warp Gate  
  25  2:10  Adept  
  25  2:11  Adept  
  29  2:20  Pylon  
  29  2:27  Probe (Chrono Boost)  
  30  2:37  Probe (Chrono Boost)  
  30  2:41  Stargate  
  31  2:48  Probe (Chrono Boost)  
  31  2:49  Adept x2  
  36  2:55  Pylon  
  33  3:27  Oracle (Chrono Boost)  
  34  3:51  Pylon  
  34  3:53  Gateway, Probe  
  35  3:59  Phoenix (Chrono Boost)  
  37  4:14  Probe  
  38  4:18  Zealot  
  38  4:20  Phoenix (Chrono Boost)  
  42  4:28  Nexus  
  42  4:29  Pylon  
  39  4:42  Phoenix (Chrono Boost)  
  39  4:43  Probe  
  42  5:04  Phoenix (Chrono Boost)  
  44  5:07  Stargate  
  44  5:12  Pylon  
  44  5:13  Zealot x2  
  48  5:17  Probe  
  49  5:25  Phoenix (Chrono Boost)  
  51  5:35  Probe  
  52  5:40  Probe  
  53  5:47  Probe  
  54  5:52  Phoenix x2 (Chrono Boost), Probe  
  59  5:59  Probe  
  59  6:04  Probe  
  61  6:08  Zealot x2  
  65  6:11  Probe  
  65  6:16  Phoenix (Chrono Boost)  
  68  6:19  Probe  
  68  6:21  Assimilator  
  68  6:22  Assimilator  
  69  6:29  Phoenix (Chrono Boost)  
  69  6:31  Probe  
  69  6:32  Probe  
  73  6:44  Probe  
  73  6:45  Zealot x3  
  80  6:47  Probe  
  81  6:56  Probe  
  81  6:59  Probe  
  81  7:00  Pylon  
  85  7:16  Probe  
  85  7:18  Probe  
  85  7:22  Pylon  
  87  7:28  Probe  
  88  7:35  Oracle (Chrono Boost)  
  88  7:36  Oracle (Chrono Boost)  
  70  7:49  Probe x2  
  72  7:57  Forge  
  71  8:01  Probe  
  60  8:06  Oracle (Chrono Boost)  
  61  8:25  Assimilator  
  64  8:49  Forge  
Tags
 
Add a new tag
Caveats
  • Supply blocks, unpowered buildings, or Contaminate may cause inaccurate times.
  • Supply counts are checked every 10 seconds.